 Dungeon Crawl Stone Soup version 0.18-a0-1575-g920359c (webtiles) character file.

236 Kidiri the Magician (level 5, -4/28 HPs)
             Began as a Deep Elf Fire Elementalist on Mar 16, 2016.
             Killed by divine providence
             ... invoked by an orc priest
              (12 damage)
             ... on level 3 of the Dungeon.
             The game lasted 00:29:20 (4607 turns).

Kidiri the Magician (Deep Elf Fire Elementalist)    Turns: 4607, Time: 00:29:20

Health: -4/28      AC:  2    Str:  3    XL:     5   Next: 77%
Magic:  1/14       EV: 14    Int: 21    God:
Gold:   107        SH:  0    Dex: 15    Spells: 5 memorised, 0 levels left

rFire  . . .     SeeInvis .     f - +2 short sword
rCold  . . .     Gourm    .     a - +0 robe
rNeg   . . .     Faith    .     (no shield)
rPois  .         Spirit   .     (no helmet)
rElec  .         Dismiss  .     j - +0 cloak
rCorr  .         Reflect  .     (no gloves)
SustAt .         Harm     .     (no boots)
MR     .....                    (no amulet)
Stlth  ++........               (no ring)
                                (no ring)

@: not resistant to hostile enchantments, unstealthy
A: deformed body, slow regeneration 1, weak 1
a: no special abilities


You were on level 3 of the Dungeon.
You were not hungry.

You visited 1 branch of the dungeon, and saw 3 of its levels.

You collected 107 gold pieces.

Inventory:

Hand Weapons
 f - a +2 short sword (weapon)
Armour
 a - a +0 robe (worn)
 j - a +0 cloak (worn)
Wands
 p - a wand of flame (28/48)
Scrolls
 e - 3 scrolls of teleportation
 g - a scroll of amnesia
 l - 2 scrolls of remove curse
Potions
 o - 2 potions of curing {unknown}
 s - a potion of lignification
Books
 b - a book of Flames

   Spells                             Type                      Level
   a - Flame Tongue                   Conjuration/Fire             1
   b - Throw Flame                    Conjuration/Fire             2
   c - Conjure Flame                  Conjuration/Fire             3
   d - Inner Flame                    Hexes/Fire                   3
   e - Sticky Flame                   Conjuration/Fire             4
   f - Fireball                       Conjuration/Fire             5
Comestibles
 c - 2 bread rations
 h - a beef jerky
 i - a meat ration
 n - a chunk of flesh


   Skills:
 + Level 4.0 Dodging
 + Level 3.4 Stealth
 * Level 4.8 Spellcasting
 + Level 2.6 Conjurations
 + Level 1.5 Hexes
 + Level 4.2 Fire Magic


You couldn't memorise any spells.
You knew the following spells:

 Your Spells              Type           Power        Failure   Level  Hunger
a - Flame Tongue          Conj/Fire      ###..        2%          1    None
b - Throw Flame           Conj/Fire      ###...       4%          2    None
c - Conjure Flame         Conj/Fire      ###.....     10%         3    ##.....
d - Inner Flame           Hex/Fire       ###.....     12%         3    ##.....
e - Sticky Flame          Conj/Fire      ###.....     28%         4    ####...


Dungeon Overview and Level Annotations

Branches:
Dungeon (3/15)

Altars:
Ashenzari
Elyvilon
Yredelemnul


Innate Abilities, Weirdness & Mutations

Armour fits poorly on your strangely shaped body.
You regenerate slowly when monsters are visible.
You are weak. (Str -2)


Message History

Press: ? - help, Shift-Dir - straight line, f/p - orc
Aim: an orc, wearing a leather armour (inner flame)
The flame tongue hits the orc.
The orc is moderately wounded.
The hobgoblin hits you with a club.
Unknown command.
The hobgoblin misses you.
Unknown command.
The hobgoblin hits you with a club.
* * * LOW HITPOINT WARNING * * *
Drink which item? (? for menu, Esc to quit)
Okay, then.
Unknown command.
Read which item? (? for menu, Esc to quit)
Okay, then.
Welcome back, Kidiri the Deep Elf Fire Elementalist.
Press ? for a list of commands and other information.
The orc priest calls down the wrath of Beogh upon you.
Beogh smites you!
You die...

. .......
♣♣(♣♣
.#####.†.....
♣.♣♣♣ ....#).#
♣♣.♣ #.#.#)##
♣.♣♣ #.#.#o#
♣♣.♣ #.#.#o#
♣.♣♣ ♣ #.#.g.#
♣♣.♣ ♣♣
#..#.o## ♣.♣♣
♣♣. ##.#.@.##
♣.♣ ♣.♣
###.#.(..#
♣(♣♣♣♣.♣
#........##
♣...♣♣.♣
#..........
♣♣....)♣
#...........
♣♣...).
#.......##...#
♣...♣.
#####.......#
#..# ♣.♣♣♣.
#....<....###
..# ♣.♣ ♣.
#.........##
.. ♣.♣ ♣♣


You could see an orc priest, 2 orcs and a hobgoblin.

Vanquished Creatures
  An iguana (D:3)
  5 gnolls
  3 adders
  3 oozes
  4 worms
  4 giant geckos
  5 orcs (D:3)
  4 giant cockroaches
  5 goblins
  13 hobgoblins
  13 jackals
  18 kobolds
  2 quokkas
  A ball python (D:1)
  8 bats
  4 giant newts
  9 rats
102 creatures vanquished.

Vanquished Creatures (others)
  An orc (D:3)
1 creature vanquished.

Grand Total: 103 creatures vanquished

Notes
Turn   | Place    | Note
--------------------------------------------------------------
     0 | D:1      | Kidiri the Deep Elf Fire Elementalist began the quest for the Orb.
     0 | D:1      | Reached XP level 1. HP: 10/10 MP: 6/6
   170 | D:1      | Reached XP level 2. HP: 13/15 MP: 5/8
   174 | D:1      | Learned a level 2 spell: Throw Flame
  1257 | D:2      | Reached XP level 3. HP: 19/19 MP: 6/10
  1264 | D:1      | Learned a level 3 spell: Conjure Flame
  1268 | D:1      | Learned a level 3 spell: Inner Flame
  2020 | D:2      | Found a white marble altar of Elyvilon.
  2043 | D:2      | Reached XP level 4. HP: 22/24 MP: 2/12
  2538 | D:2      | Reached skill level 1 in Hexes
  2948 | D:2      | Found a basalt altar of Yredelemnul.
  3167 | D:3      | Reached XP level 5. HP: 28/28 MP: 8/13
  3480 | D:3      | Learned a level 4 spell: Sticky Flame
  4460 | D:3      | Gained mutation: You are weak. (Str -2) [potion of mutation]
  4460 | D:3      | Gained mutation: Armour fits poorly on your strangely shaped body. [potion of mutation]
  4460 | D:3      | Gained mutation: You regenerate slowly when monsters are visible. [potion of mutation]
  4510 | D:3      | Found a shattered altar of Ashenzari.
  4607 | D:3      | Killed from afar by an orc priest

Vault maps used:
D:1:      ncdulo_smallfort, minmay_circled_x
D:2:      kennysheep_ying_yang, minivault_27
D:3:      forest_paths, old_standard_altar

Skill      XL: |  1  2  3  4  5 |
---------------+----------------+-----
Dodging        | 3 4 |  4.0
Spellcasting   | 4 |  4.8
Fire Magic     | 4 |  4.2
Stealth        | 3 |  3.4
Hexes          | 1 |  1.5
Conjurations   | 2 |  2.6

Action                   |  1- 3 |  4- 6 || total
-------------------------+-------+-------++-------
Melee: Unarmed           |     5 |       ||     5
       Short sword       |    19 |    23 ||    42
 Cast: Flame Tongue      |    33 |    76 ||   109
       Throw Flame       |    19 |    37 ||    56
       Conjure Flame     |     1 |     6 ||     7
       Inner Flame       |     1 |     5 ||     6
  Use: Scroll            |       |     9 ||     9
       Potion            |       |     2 ||     2
 Stab: Sleeping          |     4 |     2 ||     6
  Eat: Chunk             |     4 |     9 ||    13
